 Dungeon Crawl Stone Soup version 0.26.0-10-g1f06aea511 (webtiles) character file.

Game seed: 11992851568928191872

9 sanka the Magician (level 2, 0/20 HPs)
             Began as a Ghoul Hedge Wizard on Jan 17, 2021.
             Slain by a jackal (2 damage)
             ... on level 1 of the Dungeon.
             The game lasted 00:00:43 (481 turns).

sanka the Magician (Ghoul Hedge Wizard)              Turns: 481, Time: 00:00:44

Health: 0/20       AC:  2    Str: 13    XL:     2   Next: 16%
Magic:  1/14       EV: 12    Int:  9    God:
Gold:   5          SH:  0    Dex:  8    Spells: 6/7 levels left

rFire    . . .     SeeInvis .   a - +0 dagger
rCold    + . .     Faith    .   (no shield)
rNeg     + + +     Spirit   .   b - +0 robe
rPois    ∞         Reflect  .   c - +0 hat
rElec    .         Harm     .   (no cloak)
rCorr    .         Rampage  .   (no gloves)
Will     .....                  (no boots)
Stlth    ++........             (no amulet)
HPRegen  0.00/turn              (no ring)
MPRegen  0.14/turn              d - ring of magical power

@: very slightly contaminated
A: claws 1, cold resistance 1, negative energy resistance 3, inhibited
regeneration, torment resistance, unbreathing
a: no special abilities


You were on level 1 of the Dungeon.
You visited 1 branch of the dungeon, and saw 1 of its levels.

You collected 5 gold pieces.


Innate Abilities, Weirdness & Mutations

You thrive by killing the living.
You are immune to poison.
You have sharp fingernails.
Your flesh is cold resistant. (rC+)
You are immune to negative energy. (rN+++)
You do not regenerate when monsters are visible.
You are immune to unholy pain and torment.
You can survive without breathing.


   Skills:
 - Level 1.7 Dodging
 - Level 2.1 Stealth
 - Level 3.0 Spellcasting
 + Level 1.2 Conjurations
 - Level 0.8 Summonings
 - Level 0.8 Translocations


You had 6 spell levels left.
You knew the following spells:

 Your Spells              Type           Power        Failure   Level
z - Magic Dart            Conj           12%          19%         1

Your spell library contained the following spells:

 Spells                   Type           Power        Failure   Level
 Blink                    Tloc           N/A          32%         2
 Call Imp                 Summ           2%           32%         2
 Slow                     Hex            1%           41%         2
 Conjure Flame            Conj/Fire      2%           56%         3
 Mephitic Cloud           Conj/Pois/Air  2%           58%         3

Inventory:

Hand Weapons
 a - a +0 dagger (weapon)
Armour
 b - a +0 robe (worn)
 c - a +0 hat (worn)
Jewellery
 d - a ring of magical power (right claw)
Scrolls
 e - a scroll of enchant weapon {unknown}

Dungeon Overview and Level Annotations

Branches:
Dungeon (1/15)

Altars:

.............. ... ▒.▒▒
............▒.▒.
...▒▒..▒......▒.▒▒▒▒.▒.▒.▒.
.............▒.▒▒▒▒.▒.▒.▒.
.....▒ ▒....+........▒.▒. .
▒...▒▒▒....▒.▒▒.....▒.▒.
▒▒.▒▒..........▒.▒▒.▒.▒.....
........▒▒▒▒.....▒▒.........
.........rhn................
▒▒.▒▒.▒..▒▒▒▒▒▒▒.▒▒▒▒▒▒▒....
▒.▒▒.▒.▒.▒▒▒ ▒.▒ .▒...
.▒▒......▒▒..▒▒▒▒'▒▒▒▒..▒▒...
.........▒▒▒▒..+...'..▒ ▒...
.▒▒▒▒▒.▒.▒ ▒▒▒▒.<.▒▒▒▒ ▒...
...▒.▒▒▒▒..'...'..▒▒▒▒...
▒▒▒▒▒▒▒.▒▒..▒▒▒▒'▒▒▒▒..▒▒...
........▒.▒▒▒ ▒.▒ ▒▒▒.▒...


You could see a jackal and a rat.


Message History

The jackal barely misses you.
You hit the jackal but do no damage.
The jackal is moderately wounded.
The jackal bites you but does no damage.
You completely miss the jackal.
The jackal is moderately wounded.
The jackal closely misses you.
The jackal bites you but does no damage.
You hit the jackal.
The jackal is heavily wounded.
The jackal barely misses you.
You hit the jackal but do no damage.
The jackal is heavily wounded.
The jackal closely misses you.
Aiming: Magic Dart (safe; 19% risk of failure)
Aim: a jackal (heavily wounded, 0% to evade)
The magic dart hits the jackal.
The jackal is severely wounded.
The jackal closely misses you. The jackal bites you.
* * * LOW HITPOINT WARNING * * *
You miss the jackal.
The jackal is severely wounded.
The jackal bites you.
* * * LOW HITPOINT WARNING * * *
You hit the jackal.
The jackal is almost dead.
The jackal pauses to sniff the ground.
The jackal bites you.
You die...

Action                   || total
-------------------------++-------
Melee: Dagger            ||    24
 Cast: Magic Dart        ||    24
Armor: Robe              ||     9
Dodge: Dodged            ||    22

Levels and vault maps discovered:
D:1:      dpeg_arrival_radiant, layout_basic, st_stairs_2

Notes
Turn   | Place    | Note
-------+----------+-------------------------------------------
     0 | D:1      | sanka the Ghoul Hedge Wizard began the quest for the Orb.
     0 | D:1      | Reached XP level 1. HP: 14/14 MP: 3/3
   339 | D:1      | Reached skill level 3 in Spellcasting
   463 | D:1      | Reached skill level 1 in Conjurations
   463 | D:1      | Reached XP level 2. HP: 16/20 MP: 5/5
   480 | D:1      | HP: 2/20 [jackal (2)]
   481 | D:1      | Slain by a jackal

Vanquished Creatures
  3 goblins (D:1)
  3 jackals (D:1)
  A bat (D:1)
  A kobold (D:1)
8 creatures vanquished.

Table legend: (Time is in decaauts)
 A = Elapsed time spent in this place.
 B = Non-inter-level travel time spent in this place.
 C = Inter-level travel time spent in this place.
 D = Time resting spent in this place.
 E = Time spent auto-exploring this place.
 F = Levels seen in this place.
 G = Mean time per level.
                   A        B        C        D        E       F      G
               +--------+--------+--------+--------+--------+-----+--------+
         Total |    480 |    480 |      0 |    204 |    210 |   1 |  480.0 |
       Dungeon |    480 |    480 |      0 |    204 |    210 |   1 |  480.0 |
               +--------+--------+--------+--------+--------+-----+--------+

Top non-repeatable levels by time:
     D:1: 480 daAuts
